 Dungeon Crawl Stone Soup version 0.17.1-3-g152610e (webtiles) character file.

1437 WarriorsX the Slasher (level 9, -2/63 HPs)
             Began as a Human Fighter on Mar 5, 2016.
             Was an Initiate of Nemelex Xobeh.
             Slain by a sky beast (6 damage)
             ... on level 5 of the Dungeon.
             The game lasted 00:16:37 (4576 turns).

WarriorsX the Slasher (Human Fighter)               Turns: 4576, Time: 00:16:39

Health: -2/63      AC: 11    Str: 19    XL:     9   Next: 3%
Magic:  9/9        EV:  8    Int:  9    God:    Nemelex Xobeh [......]
Gold:   262        SH: 10    Dex: 13    Spells: 0 memorised, 8 levels left

rFire  . . .     SeeInvis .     v - +0 long sword (holy)
rCold  . . .     Clarity  .     b - +0 scale mail
rNeg   . . .     SustAt   .     c - +0 shield
rPois  .         Gourm    .     q - +0 helmet
rElec  .         Spirit   .     h - +1 cloak
rCorr  .         Warding  .     (no gloves)
rMut   .         Stasis   .     (no boots)
MR     .....                    (no amulet)
Stlth  ..........               (no ring)
                                (no ring)

@: not resistant to hostile enchantments, extremely unstealthy
A: no striking features
a: Renounce Religion


You were on level 5 of the Dungeon.
You worshipped Nemelex Xobeh.
Nemelex Xobeh was noncommittal.
You were very hungry.

You visited 1 branch of the dungeon, and saw 5 of its levels.

You collected 262 gold pieces.

Inventory:

Hand Weapons
 a - a +0 long sword
 v - a +0 long sword of holy wrath (weapon)
Armour
 b - a +0 scale mail (worn)
 c - a +0 shield (worn)
 h - a +1 cloak (worn)
 q - a +0 helmet (worn)
Scrolls
 i - 5 scrolls of remove curse
 m - a scroll of identify
 u - a scroll of fog
Potions
 d - 3 potions of might
 g - a potion of heal wounds
 l - a potion of poison {unknown}
 n - a potion of resistance
 o - a potion of lignification {unknown}
 p - a potion of cure mutation {unknown}
 r - a potion of haste
 t - 2 potions of brilliance {unknown}
Miscellaneous
 s - a plain deck of war {drawn: 1}
Comestibles
 e - 3 bread rations
 f - 4 meat rations
 k - 2 royal jellies


   Skills:
 * Level 3.0 Fighting
 * Level 7.0 Long Blades
 + Level 6.3 Armour
 + Level 6.5 Shields
 + Level 0.2 Evocations


You had 8 spell levels left.
You didn't know any spells.

Dungeon Overview and Level Annotations

Branches:
Dungeon (5/15)
 Temple: D:4-7

Altars:
Gozag
Nemelex Xobeh
Trog

Shops:
D:4 }   D:5 [


Message History

* * * LOW HITPOINT WARNING * * *
The sky beast shocks you.
* * * LOW HITPOINT WARNING * * *
You hit the sky beast.
The sky beast is heavily wounded.
You block the sky beast's attack.
The sky beast hits you but does no damage.
Your shield prevents you from hitting the sky beast.
The sky beast is heavily wounded.
The sky beast hits you but does no damage.
You slash the sky beast!
The sky beast is almost dead.
The sky beast hits you but does no damage.
You hit the sky beast.
The sky beast is almost dead.
The sky beast hits you.
* * * LOW HITPOINT WARNING * * *
The sky beast shocks you.
You die...
Your body disappears without a glow.

#..#.#.......#
#. #.#.......#
.. #.####.∩..#
# .# #..#
##...# ....#
##.# #...# ...
#.# ##.## ...
#<# #.#
....######.#
#.#
...........#
#@#
.#####._...#
#Y#
.........###
#†# .#####...#
#.# .#
###....# ≈..
.# ####..
..... .#
#.≈.≈... .#
##..$.... ##
#........


You could see a sky beast.

Vanquished Creatures
  Pikel (D:3)
  Grinder (D:5)
  Duvessa (D:5)
  An ice beast (D:4)
  An ogre (D:4)
  A slave (D:3)
  Dowan (D:5)
  A crimson imp (D:5)
  A giant frog skeleton (D:5)
  A hound (D:3)
  An iguana (D:5)
  3 worker ants
  An orc wizard (D:4)
  7 adders
  8 gnolls
  An adder skeleton (D:5)
  14 orcs
  A ball python (D:2)
  5 hobgoblins
  10 kobolds
  A quokka (D:4)
  6 bats
  3 giant cockroaches (D:2)
  2 giant geckos
  7 giant newts
  9 goblins
  9 jackals
  12 rats
110 creatures vanquished.

Vanquished Creatures (others)
  An ogre (D:4)
  A slave (D:4)
  An ooze (D:4)
3 creatures vanquished.

Grand Total: 113 creatures vanquished

Notes
Turn   | Place    | Note
--------------------------------------------------------------
     0 | D:1      | WarriorsX the Human Fighter began the quest for the Orb.
     0 | D:1      | Reached XP level 1. HP: 18/18 MP: 1/1
   194 | D:1      | Reached XP level 2. HP: 24/24 MP: 2/2
   559 | D:2      | Reached XP level 3. HP: 29/29 MP: 3/3
   795 | D:2      | Reached XP level 4. HP: 35/35 MP: 4/4
  1374 | D:3      | Reached XP level 5. HP: 22/41 MP: 5/5
  1999 | D:2      | Reached skill level 4 in Armour
  2376 | D:3      | Found a sparkling altar of Nemelex Xobeh.
  2377 | D:3      | Found an opulent altar of Gozag.
  2388 | D:3      | Became a worshipper of Nemelex Xobeh the Trickster
  2482 | D:4      | Noticed a slave
  2586 | D:4      | Noticed Pikel
  2600 | D:3      | Killed a slave
  2646 | D:3      | Killed Pikel
  2646 | D:3      | Reached skill level 5 in Long Blades
  2646 | D:3      | Reached skill level 5 in Armour
  2646 | D:3      | Reached skill level 5 in Shields
  2646 | D:3      | Reached XP level 6. HP: 38/47 MP: 6/6
  2646 | D:3      | Reached XP level 7. HP: 42/52 MP: 7/7
  2677 | D:4      | Noticed a freed slave
  2749 | D:4      | Noticed a freed slave
  2765 | D:4      | Found Gyoj's Gadget Shop.
  2777 | D:4      | Noticed a freed slave
  3165 | D:4      | Killed a freed slave
  3172 | D:4      | Noticed an ogre
  3202 | D:4      | Reached XP level 8. HP: 46/58 MP: 8/8
  3324 | D:4      | Killed an ogre
  3593 | D:4      | Found a bloodstained altar of Trog.
  3625 | D:4      | Received a gift from Nemelex Xobeh
  3735 | D:4      | Reached skill level 6 in Shields
  4201 | D:5      | Entered Level 5 of the Dungeon
  4209 | D:5      | Noticed Duvessa
  4210 | D:5      | Noticed Dowan
  4226 | D:5      | Killed Duvessa
  4377 | D:5      | Killed Dowan
  4456 | D:5      | Found a bloodstained altar of Trog.
  4483 | D:5      | Noticed Grinder
  4489 | D:5      | Paralysed by Grinder for 7 turns
  4501 | D:5      | Found Anakky's Antique Armour Boutique.
  4501 | D:5      | Paralysed by Grinder for 5 turns
  4509 | D:5      | Killed Grinder
  4509 | D:5      | Reached XP level 9. HP: 31/63 MP: 9/9
  4560 | D:5      | Reached skill level 7 in Long Blades
  4576 | D:5      | Slain by a sky beast

Action                   |  1- 3 |  4- 6 |  7- 9 || total
-------------------------+-------+-------+-------++-------
Melee: Long sword        |   114 |   201 |   216 ||   531
Evoke: Deck              |       |       |     1 ||     1
  Use: Potion            |     2 |     5 |       ||     7
       Scroll            |       |     7 |     3 ||    10
  Eat: Chunk             |       |     6 |     6 ||    12
